 Dungeon Crawl Stone Soup version 0.27-a0-1434-g6f15984924 (webtiles) character file.

Game seed: 4290124057282466006

21 quinnr the Gusty (level 2, 0/15 HPs)
             Began as a Tengu Air Elementalist on July 3, 2021.
             Slain by a scorpion (2 damage)
             ... on level 1 of the Dungeon.
             The game lasted 00:01:49 (1172 turns).

quinnr the Gusty (Tengu Air Elementalist)           Turns: 1172, Time: 00:01:50

Health: 0/15       AC:  2    Str:  8    XL:     2   Next: 87%
Magic:  2/6        EV: 12    Int: 15    God:
Gold:   14         SH:  0    Dex: 14    Spells: 4/5 levels left

rFire    . . .     SeeInvis .   (no weapon)
rCold    . . .     Faith    .   (no shield)
rNeg     . . .     Spirit   .   a - +0 robe
rPois    .         Reflect  .   (helmet restricted)
rElec    .         Harm     .   (no cloak)
rCorr    .         Rampage  .   (no gloves)
Will     .....                  (boots unavailable)
Stlth    ++........             (no amulet)
HPRegen  0.05/turn              (no ring)
MPRegen  0.10/turn              (no ring)

@: no status effects
A: beak, talons 3
a: no special abilities


You were on level 1 of the Dungeon.
You visited 1 branch of the dungeon, and saw 2 of its levels.

You collected 14 gold pieces.

Inventory:

Armour
 a - a +0 robe (worn)
Scrolls
 d - a scroll of enchant weapon {unknown}
Potions
 b - 2 potions of curing {unknown}
 c - a potion of berserk rage {unknown}
 e - a potion of heal wounds {unknown}


   Skills:
 - Level 2.1 Dodging
 - Level 2.0 Stealth
 - Level 2.0 Spellcasting
 - Level 1.3 Conjurations
 * Level 5.3 Air Magic


You had 4 spell levels left.
You knew the following spells:

 Your Spells              Type           Power      Damage    Failure   Level
a - Shock                 Conj/Air       44%        1d5       5%          1

Your spell library contained the following spells:

 Spells                   Type           Power      Damage    Failure   Level
 Swiftness                Air            17%        N/A       8%          3
 Static Discharge         Conj/Air       11%        N/A       9%          2
 Airstrike                Air            8%         N/A       24%         4


Dungeon Overview and Level Annotations

Branches:
Dungeon (2/15)

Altars:


Innate Abilities, Weirdness & Mutations

You have a beak for a mouth.
You have claws for feet.


Message History

You kill the bat!
Found a robe.
Found an escape hatch in the floor.
A scorpion comes into view.
Found a great sword.
A scorpion is nearby!
The zap hits the scorpion but does no damage.
The zap hits the scorpion.
The scorpion is lightly wounded.
The zap hits the scorpion.
The scorpion is lightly wounded.
You aren't carrying any items that you can evoke.
The zap misses the scorpion.
There is a stone staircase leading up here.
The scorpion closely misses you.
You climb upwards.
There is a stone staircase leading down here.
The scorpion stings you. The scorpion stings you!
* * * LOW HITPOINT WARNING * * *
Casting: Shock (safe; 5% risk of failure)
Confirm with . or Enter, or press ? or * to list all spells.
Aiming: Shock (safe; 5% risk of failure)
Press: ? - help, Shift-Dir - straight line The zap hits the scorpion.
The scorpion is moderately wounded.
The zap hits the scorpion.
The scorpion is moderately wounded.
The scorpion stings you.
* * * LOW HITPOINT WARNING * * *
Casting: Shock (safe; 5% risk of failure)
Confirm with . or Enter, or press ? or * to list all spells.
Aiming: Shock (safe; 5% risk of failure)
Press: ? - help, Shift-Dir - straight line The zap hits the scorpion but does no damage.
The scorpion is moderately wounded.
The zap hits the scorpion.
The scorpion is heavily wounded.
The scorpion stings you.
You die...

#.#.# ##'#.# ##########
#....# #........# #....#
####....(...# #....#
###...........####
#....####>............'...
##'#.#..............).####
#.#.##.#.#...........###
#.#.##'#@#.#####.......#
#.#.#...s#.....'.......#
#.#.'......#####.......##
#.###......# #.........
#.# #..##### ######....
#.# ####.⌠.######...###..
#.# #..P_P..##.......##.
#.# #.8P.P8.##......♣##.
#.# #..P.P..##..P.P..###


You could see a scorpion.

Vanquished Creatures
  2 dart slugs (D:1)
  2 ball pythons (D:1)
  An endoplasm (D:1)
  3 hobgoblins
  5 bats
  A frilled lizard (D:1)
  2 kobolds (D:1)
  3 rats
19 creatures vanquished.

Notes
Turn   | Place    | Note
-------+----------+-------------------------------------------
     0 | D:1      | quinnr the Tengu Air Elementalist began the quest for the
                  | Orb.
     0 | D:1      | Reached XP level 1. HP: 10/10 MP: 4/4
   213 | D:1      | Found a faded altar of an unknown god.
   231 | D:1      | Reached XP level 2. HP: 15/15 MP: 3/6
   447 | D:1      | Reached skill level 5 in Air Magic
  1152 | D:2      | Noticed a scorpion
  1172 | D:1      | Slain by a scorpion

Illustrated notes

Levels and vault maps discovered:
D:1:      shiori_arrival_elements, layout_basic,
          chequers_ecumenical_altar_lobes, hex_large
D:2:      layout_basic, minmay_split_cup_large

Skill      XL: |  1  2 |
---------------+-------+-----
Air Magic      | 5 |  5.3
Dodging        | |  2.1
Stealth        | |  2.0
Spellcasting   | |  2.0
Conjurations   | |  1.3

Action                   || total
-------------------------++-------
 Cast: Shock             ||    45
Armor: Robe              ||     1
Dodge: Dodged            ||     6

Table legend: (Time is in decaauts)
 A = Elapsed time spent in this place.
 B = Non-inter-level travel time spent in this place.
 C = Inter-level travel time spent in this place.
 D = Time resting spent in this place.
 E = Time spent auto-exploring this place.
 F = Levels seen in this place.
 G = Mean time per level.
                   A        B        C        D        E       F      G
               +--------+--------+--------+--------+--------+-----+--------+
         Total |   1172 |   1113 |     59 |      0 |   1029 |   2 |  586.0 |
       Dungeon |   1172 |   1113 |     59 |      0 |   1029 |   2 |  586.0 |
               +--------+--------+--------+--------+--------+-----+--------+

Top non-repeatable levels by time:
     D:1: 1122 daAuts
     D:2: 49 daAuts
